 Dungeon Crawl Stone Soup version 0.21.0 (webtiles) character file.

37 MovingMist the Unweaver (level 3, -5/29 HPs)
             Began as a Demonspawn Abyssal Knight on Jan 7, 2018.
             Was a Follower of Lugonu.
             Slain by a worm (7 damage)
             ... on level 2 of the Dungeon.
             The game lasted 00:02:37 (673 turns).

MovingMist the Unweaver (Demonspawn Abyssal Knight)  Turns: 673, Time: 00:02:38

Health: -5/29      AC:  4    Str: 12    XL:     3   Next: 21%
Magic:  5/5        EV: 11    Int: 13    God:    Lugonu [*.....]
Gold:   36         SH:  0    Dex: 13    Spells: 2/2 levels left

rFire    . . .     SeeInvis .   a - +1 hand axe
rCold    . . .     Gourm    .   (no shield)
rNeg     . . .     Faith    .   b - +0 leather armour
rPois    .         Spirit   .   (no helmet)
rElec    .         Reflect  .   (no cloak)
rCorr    .         Harm     .   f - +0 pair of gloves
MR       .....                  (no boots)
Stlth    +.........             (no amulet)
HPRegen  0.09/turn              (no ring)
MPRegen  0.09/turn              (no ring)

@: no status effects
A: powered by death 1
a: Depart the Abyss, Renounce Religion


You were on level 2 of the Dungeon.
You worshipped Lugonu.
Lugonu was aware of your devotion.
You were not hungry.

You visited 1 branch of the dungeon, and saw 2 of its levels.
You visited the Abyss 1 time.

You collected 36 gold pieces.

Inventory:

Hand Weapons
 a - a +1 hand axe (weapon)
Armour
 b - a +0 leather armour (worn)
 f - a +0 pair of gloves (worn)
Jewellery
 o - an uncursed ring of protection from magic {unknown}
Scrolls
 e - 2 scrolls of teleportation {unknown}
 i - a scroll of enchant weapon {unknown}
 j - 3 scrolls of identify {unknown}
 k - a scroll of amnesia {unknown}
 m - a scroll of random uselessness {unknown}
 n - a scroll of remove curse {unknown}
Potions
 d - a potion of flight {unknown}
 h - a potion of agility {unknown}
 l - a potion of brilliance {unknown}
Comestibles
 c - a ration
 g - 5 chunks of flesh


   Skills:
 + Level 3.3 Fighting
 + Level 2.1 Axes
 - Level 1.7 Armour
 + Level 1.4 Dodging
 * Level 3.6 Invocations


You had 2 spell levels left.
You didn't know any spells.

Dungeon Overview and Level Annotations

Branches:
Dungeon (2/15)

Altars:
Zin


Innate Abilities, Weirdness & Mutations

You regenerate a little health from kills.


Message History

You hit the worm.
The worm is severely wounded.
The worm closely misses you.
Found a tubular agate ring.
You start resting.
o - a tubular agate ring
There are no items here.
You start resting.
The worm bites you.
* * * LOW HITPOINT WARNING * * *
You hit the worm.
The worm is lightly wounded.
You completely miss the worm.
The worm is lightly wounded.
The worm bites you.
* * * LOW HITPOINT WARNING * * *
You hit the worm.
The worm is lightly wounded.
The worm bites you!
You die...

#..............#.
#<..).###........
##.##..##<.....#
##########..##....####.#
##...#...#.........#
####..........##..###.#
..............###.###.#
#.#............##.....###
..............@##........
+###...)....#w.....###
#...#...........##
##.###..##########....####..
.._###...# #.........#
##.###...# #....#....#
#.#.### #.......... #.#...#
#.......... ..###.####
#....#.....


You could see a worm.

Vanquished Creatures
  A dart slug (D:1)
  A leopard gecko (D:2)
  3 giant cockroaches
  7 goblins
  5 hobgoblins
  3 kobolds (D:1)
  6 bats
  A frilled lizard (D:1)
  3 rats
30 creatures vanquished.

Notes
Turn   | Place    | Note
-------+----------+-------------------------------------------
     0 | Abyss:1  | MovingMist the Demonspawn Abyssal Knight began the quest for the Orb.
     0 | Abyss:1  | Reached XP level 1. HP: 18/18 MP: 2/2
    59 | Abyss:1  | Noticed a small abomination
    60 | D:1      | Escaped the Abyss
    73 | D:1      | Reached skill level 1 in Dodging
    99 | D:1      | Reached * piety under Lugonu
   134 | D:1      | Gained mutation: You regenerate a little health from kills. [demonic ancestry]
   134 | D:1      | Reached XP level 2. HP: 21/24 MP: 4/4
   509 | D:2      | Reached XP level 3. HP: 27/29 MP: 5/5
   546 | D:2      | Found a glowing silver altar of Zin.
   673 | D:2      | Slain by a worm

Skill      XL: |  1  2 |
---------------+-------+-----
Dodging        | 1 |  1.4
Invocations    | 3 |  3.6
Axes           | 2 |  2.1
Fighting       | |  3.3
Armour         | |  1.7

Action                   || total
-------------------------++-------
Melee: Hand axe          ||   104
Invok: Depart the Abyss  ||     1
Armor: Leather armour    ||    52
Dodge: Dodged            ||    92
